 Dungeon Crawl Stone Soup version 0.18-a0-1088-g34ef3a2 (webtiles) character file.

8427 xgamer67 the Covert (level 11, 0/77 HPs)
             Began as an Octopode Assassin on Jan 15, 2016.
             Was a Priest of Dithmenos.
             Succumbed to a spiny frog's poison
             ... on level 9 of the Dungeon.
             The game lasted 00:28:15 (9139 turns).

xgamer67 the Covert (Octopode Assassin)             Turns: 9139, Time: 00:28:15

Health: 0/77       AC:  6    Str: 10    XL:     11   Next: 30%
Magic:  13/13      EV: 21    Int: 14    God:    Dithmenos [***...]
Gold:   599        SH:  2    Dex: 23    Spells: 0 memorised, 10 levels left

rFire  + . .     SeeInvis .     a - +5 rapier (protect)
rCold  . . .     Gourm    .     (no shield)
rNeg   . . .     Faith    .     (helmet restricted)
rPois  .         Spirit   .     B - +2 amulet of reflection
rElec  .         Dismiss  .     h - ring of protection from fire
rCorr  .         Reflect  +     y - +6 ring of dexterity
SustAt .         Harm     .     (no ring)
MR     .....                    (no ring)
Stlth  +++++++++.               (no ring)
                                (no ring)
                                (no ring)
                                (no ring)

@: lethally poisoned (0 -> -2), marked, very slightly contaminated, wreathed by
umbra, not resistant to hostile enchantments, incredibly stealthy
A: almost no armour, amphibious, 8 rings, constrict 8, camouflage 1, gelatinous
body 1
a: Shadow Step, Renounce Religion


You were on level 9 of the Dungeon.
You worshipped Dithmenos.
Dithmenos was most pleased with you.
You were not hungry.

You visited 2 branches of the dungeon, and saw 13 of its levels.

You collected 599 gold pieces.

Inventory:

Hand Weapons
 a - a +5 rapier of protection (weapon)
 b - a +0 blowgun
 p - a +2 dagger of speed
 I - a +2 short sword of electrocution
Missiles
 c - 70 poisoned needles
 d - a curare-tipped needle
 e - 5 tomahawks
 u - 3 javelins (quivered)
 C - 4 throwing nets
 L - 3 needles of frenzy
Jewellery
 h - a ring of protection from fire (left tentacle)
 q - an uncursed amulet of the gourmand
 y - a +6 ring of dexterity (right tentacle)
 B - a +2 amulet of reflection (around mantle)
Wands
 o - a wand of digging (10/24)
 D - a wand of paralysis (11/24)
Scrolls
 j - 4 scrolls of remove curse
 v - a scroll of amnesia
 J - a scroll of fog
 K - 3 scrolls of enchant weapon
Potions
 g - 2 potions of invisibility
 i - 2 potions of mutation
 l - 3 potions of curing
 r - 3 potions of cure mutation
 s - a potion of agility
 w - a potion of brilliance
 z - a potion of might
 A - a potion of heal wounds
 E - a potion of lignification {unknown}
 F - a potion of cancellation {unknown}
 H - a potion of flight {unknown}
 M - a potion of haste {unknown}
 N - a potion of resistance {unknown}
Comestibles
 f - 10 bread rations
 k - 2 slices of pizza
 t - 3 meat rations
 x - 9 fruits
 G - 7 beef jerkies


   Skills:
 + Level 7.9 Fighting
 - Level 10.0 Short Blades
 - Level 2.0 Throwing
 + Level 8.8 Dodging
 - Level 12.0 Stealth
 - Level 3.1 Invocations


You had 10 spell levels left.
You didn't know any spells.

Dungeon Overview and Level Annotations

Branches:
Dungeon (12/15)            Temple (0/1) D:6            Lair (1/8) D:9
    Orc: D:9-12

Altars:
Ashenzari
Dithmenos
Gozag
Nemelex Xobeh
Okawaru
Qazlal
Trog
Vehumet

Shops:
D:6 %

Annotations:
D:3 Natasha; tof's ghost, amateur FoFi
D:5 HunterMK1337's ghost, novice FoFi
D:10 1 runed door, exclusion: gargoyle
D:12 exclusion: troll
Lair:1 exclusion: hydra


Innate Abilities, Weirdness & Mutations

You cannot wear most types of armour.
You are amphibious.
You can wear up to eight rings at the same time.
You can use your tentacles to constrict eight enemies at once.
Your skin changes colour to match your surroundings (Stealth).
Your rubbery body absorbs attacks (AC +1).


Message History

2 river rats come into view.
You feel sick.
The river rat moves out of view.
A river rat comes into view.
A hippogriff comes into view.
The spiny frog stings you!!
* * * LOW HITPOINT WARNING * * *
A river rat comes into view.
You see here a chain mail.
You feel sick.
Read which item? (? for menu, Esc to quit)
Blink to where?
Press: ? - help, Dir - move target cursor You are very lightly contaminated with residual magic.
As you read the scroll of blinking, it crumbles to dust.
A river rat comes into view. x2
The spiny frog stings you!
* * * LOW HITPOINT WARNING * * *
The spiny frog misses you. The porcupine misses you.
You climb upwards.
Welcome back to the Dungeon!
You die... ########### ##PPPPPPPPP## #PP.F.PPPPPP##

#PP.@..PPP.P.##
#PP....PPP....#
#PPPPPP.P.....#
#P.PPP......#.#
##.P.[.....##.#######
###.....####...)....
###........#######
##########


You could see a spiny frog.

Vanquished Creatures
  A hill giant (D:10)
  5 spiny frogs (Lair:1)
  A komodo dragon (D:9)
  The ghost of ThermosAquaticus the Cudgeler, a novice GrAK of Lugonu (D:6)
  3 trolls
  A wraith (D:10)
  Eustachio (D:4)
  6 yaks
  A hungry ghost (D:11)
  A hippogriff (D:10)
  An orc warrior (D:12)
  6 ice beasts
  A wasp (D:9)
  2 eyes of draining
  2 phantoms
  4 ogres
  A crocodile (D:10)
  A big kobold (D:9)
  5 giant frogs
  6 scorpions
  8 killer bees
  An electric eel (D:10)
  4 crimson imps
  A gnoll shaman (D:6)
  A jelly (D:6)
  2 giant frog zombies
  An orc priest (D:7)
  5 hounds
  3 orc wizards
  2 centaur skeletons
  4 iguanas
  13 worker ants
  A statue (D:9)
  A killer bee zombie (D:9)
  7 gnolls
  10 adders
  An ooze (D:1)
  An adder zombie (D:6)
  2 adder skeletons
  2 worms
  2 giant geckos
  15 orcs
  2 bats
  3 giant cockroaches
  7 goblins
  4 hobgoblins
  2 jackals (D:6)
  3 quokkas
  A giant cockroach zombie (D:4)
  A giant gecko skeleton (D:4)
  2 giant newts
  11 kobolds
  6 rats
  A plant (D:9)
180 creatures vanquished.

Notes
Turn   | Place    | Note
--------------------------------------------------------------
     0 | D:1      | xgamer67 the Octopode Assassin began the quest for the Orb.
     0 | D:1      | Reached XP level 1. HP: 14/14 MP: 1/1
   335 | D:1      | Reached XP level 2. HP: 19/19 MP: 2/2
   892 | D:2      | Reached XP level 3. HP: 24/24 MP: 3/3
   957 | D:2      | Found a shadowy altar of Dithmenos.
   965 | D:2      | Became a worshipper of Dithmenos the Shadowed
  1283 | D:2      | Found a shattered altar of Ashenzari.
  1750 | D:3      | Noticed Natasha
  1873 | D:3      | Reached XP level 4. HP: 24/29 MP: 4/4
  2201 | D:3      | Noticed tof's ghost (amateur FoFi)
  2269 | D:3      | Reached skill level 6 in Stealth
  2338 | D:4      | Noticed Eustachio
  2345 | D:4      | Killed Eustachio
  2345 | D:4      | Reached skill level 5 in Short Blades
  2345 | D:4      | Reached XP level 5. HP: 24/34 MP: 5/5
  2345 | D:4      | Reached XP level 6. HP: 27/39 MP: 6/6
  2518 | D:4      | Noticed an eye of draining
  2524 | D:4      | Killed an eye of draining
  2567 | D:4      | Reached XP level 7. HP: 45/45 MP: 7/7
  2886 | D:4      | Reached * piety under Dithmenos
  3169 | D:4      | Reached skill level 7 in Stealth
  3212 | D:4      | Found a bloodstained altar of Trog.
  3244 | D:5      | Entered Level 5 of the Dungeon
  3247 | D:5      | Found a shattered altar of Ashenzari.
  3281 | D:5      | Reached skill level 5 in Dodging
  3302 | D:5      | Reached skill level 8 in Stealth
  3302 | D:5      | Reached XP level 8. HP: 50/50 MP: 8/8
  3307 | D:5      | Noticed HunterMK1337's ghost (novice FoFi)
  3522 | D:6      | Found a staircase to the Ecumenical Temple.
  3543 | D:6      | Found a sparkling altar of Nemelex Xobeh.
  3885 | D:6      | Found Xoiskun's Food Shop.
  3942 | D:6      | Noticed ThermosAquaticus's ghost (novice GrAK)
  4009 | D:6      | Killed ThermosAquaticus's ghost
  4009 | D:6      | Reached XP level 9. HP: 13/58 MP: 9/9
  4246 | D:6      | Found a shadowy altar of Dithmenos.
  4666 | D:7      | Found a stormy altar of Qazlal.
  4930 | D:7      | Found an iron altar of Okawaru.
  5407 | D:8      | Reached skill level 5 in Fighting
  6199 | D:9      | Noticed a troll
  6208 | D:9      | Killed a troll
  6383 | D:9      | Found a radiant altar of Vehumet.
  6405 | D:9      | Reached ** piety under Dithmenos
  6526 | D:9      | Found a staircase to the Lair.
  6527 | D:9      | Noticed a komodo dragon
  6546 | D:9      | Killed a komodo dragon
  6546 | D:9      | Reached skill level 9 in Stealth
  6546 | D:9      | Reached XP level 10. HP: 66/66 MP: 10/10
  6616 | D:9      | Found an opulent altar of Gozag.
  6971 | D:10     | Entered Level 10 of the Dungeon
  6986 | D:10     | Noticed a hill giant
  6991 | D:10     | Killed a hill giant
  7065 | D:10     | Reached skill level 10 in Stealth
  7088 | D:10     | Noticed a gargoyle
  7466 | D:10     | Found a runed door.
  8247 | D:11     | Reached skill level 11 in Stealth
  8276 | D:11     | Reached skill level 10 in Short Blades
  8308 | D:11     | Reached XP level 11. HP: 75/75 MP: 11/11
  8319 | D:11     | Noticed a green ugly thing
  8385 | D:12     | Reached skill level 1 in Invocations
  8386 | D:12     | Reached *** piety under Dithmenos
  8639 | D:12     | Noticed a six-headed hydra
  8639 | D:12     | Noticed a cyclops
  8640 | D:12     | Noticed a purple ugly thing
  8797 | Lair:1   | Entered Level 1 of the Lair of Beasts
  9061 | Lair:1   | Noticed a seven-headed hydra
  9094 | Lair:1   | Reached skill level 12 in Stealth
  9138 | Lair:1   | HP: 1/77 [spiny frog (16)]
  9139 | D:9      | Succumbed to a spiny frog's poison

Vault maps used:
D:1:      co_arrival_random_square_maze
D:2:      lemuel_coloured_pillars_altar, nicolae_dithmenos_shadow_blocks,
          first_bread, minmay_misc_feat_enclosed, grunt_decor_resistance,
          wad_floor_pattern_1
D:3:      uniq_natasha
D:4:      minmay_opposing_rooms, lightli_temple_of_fire, uniq_eustachio
D:5:      makhleb_grotto_becter, lemuel_crystal_altar, eino_tiny_chamber,
          ashenzari_altar_1, uniq_grinder
D:6:      nemelex_xobeh_ov_fountains_minmay,
          minmay_temple_entry_statues_fountains, serial_shops,
          nicolae_shop_competitors_out_of_business, lemuel_tele_altar
D:7:      basic_altar, okawaru_trees_2
D:9:      old_standard_altar, vehumet_statue, david_lair_shrubbed,
          grunt_ogre_cave
D:10:     lemuel_ice_spiral_2, grunt_ministairs_11, kennysheep_flooded_box,
          lightli_church_of_beogh
D:11:     david_orc_4, st_stairs_7
Lair:1:   grunt_megastairs_2

Action                   |  1- 3 |  4- 6 |  7- 9 | 10-12 || total
-------------------------+-------+-------+-------+-------++-------
Melee: Dagger            |    54 |    27 |       |       ||    81
       Rapier            |       |     8 |   194 |   157 ||   359
 Fire: Blowgun           |     3 |    10 |     4 |    18 ||    35
Throw: Javelin           |       |       |     4 |       ||     4
Evoke: Wand              |       |       |       |     1 ||     1
  Use: Scroll            |     3 |     1 |    13 |     3 ||    20
       Potion            |       |       |     2 |       ||     2
 Stab: Sleeping          |    17 |     9 |    32 |    26 ||    84
       Distracted        |     1 |       |     1 |     1 ||     3
  Eat: Chunk             |     3 |     2 |    27 |       ||    32
